 Dungeon Crawl Stone Soup version 0.31-a0-188-g5e087ee2ca (webtiles) character file.

Game seed: 8452949650330233639

2258 qw the Markself (level 9, -1/50 HPs)
             Began as a Deep Elf Hunter on June 23, 2023.
             Was an Initiate of Okawaru.
             Slain by Maggie
             ... wielding a +0 broad axe
              (3 damage)
             ... on level 7 of the Dungeon.
             The game lasted 00:02:23 (5076 turns).

qw the Markself (Deep Elf Hunter)                   Turns: 5076, Time: 00:02:23

Health: -1/50      AC: 13    Str: 12    XL:     9   Next: 15%
Magic:  11/11      EV: 13    Int: 15    God:    Okawaru [......]
Gold:   166        SH:  0    Dex: 18    Spells: 8/8 levels left

rFire   . . .        Y - +2 shortbow
rCold   . . .        (shield currently unavailable)
rNeg    . . .        n - +4 ring mail
rPois   .            c - +1 helmet
rElec   .            (no cloak)
rCorr   .            k - +0 pair of gloves
SInv    +            a - +0 pair of boots
Will    +....        (no amulet)
Stlth   +            d - ring of see invisible
HPRegen 0.28/turn    i - ring of willpower
MPRegen 0.12/turn

%: no passive effects
@: about to teleport, grasped by roots, constricted
A: no striking features
a: Renounce Religion


You were on level 7 of the Dungeon.
You worshipped Okawaru.
Okawaru was noncommittal.
You visited 2 branches of the dungeon, and saw 8 of its levels.

You collected 390 gold pieces.
You spent 224 gold pieces at shops.


   Skills:
 + Level 3.1 Fighting
 - Level 18.0 Ranged Weapons
 - Level 2.0 Armour
 - Level 11.5 Dodging
 - Level 1.2 Stealth
 - Level 0.4 Invocations


You had 8 spell levels left.
You didn't know any spells.
Your spell library was empty.

Inventory:

Hand Weapons
 Y - a +2 shortbow (weapon)
Armour
 a - a +0 pair of boots (worn)
 c - a +1 helmet (worn)
 h - a +1 scale mail of fire resistance
 k - a +0 pair of gloves (worn)
 n - a +4 ring mail (worn)
Jewellery
 d - a ring of see invisible (left hand)
 i - a ring of willpower (right hand)
 o - a ring of positive energy
Scrolls
 f - 2 scrolls of teleportation
 m - a scroll of identify
Potions
 b - a potion of enlightenment {unknown}
 e - a potion of mutation {unknown}
 g - 4 potions of curing
 j - 2 potions of might {unknown}

Dungeon Overview and Level Annotations

Branches:
Dungeon (7/15)             Temple (1/1) D:5

Altars:
Ashenzari
Cheibriados
Elyvilon
Fedhas
Gozag
Hepliaklqana
Kikubaaqudgha
Makhleb
Nemelex Xobeh
Okawaru
Ru
Sif Muna
Trog
Uskayaw
Vehumet
Wu Jian
Xom
Yredelemnul
Zin
The Shining One

Shops:
D:5 [

Annotations:
D:7 Maggie


Message History

You shoot an arrow. The arrow closely misses Maggie.
Maggie completely misses you. The grasping roots constrict you!
The grasping roots release their grip on you.
You shoot an arrow. The arrow hits Maggie.
Maggie is moderately wounded.
Maggie closely misses you.
You shoot an arrow. The arrow barely misses Maggie.
You shoot an arrow. The arrow hits Maggie.
Maggie is moderately wounded.
Maggie hits you with a +0 broad axe.
You shoot an arrow. The arrow hits Maggie.
Maggie is moderately wounded.
Maggie misses you.
You shoot an arrow.
The arrow hits Maggie but does no damage.
Maggie is moderately wounded.
Maggie mumbles some strange words.
Maggie attempts to bespell you! You resist with almost no effort.
You shoot an arrow. The arrow hits Maggie!
Maggie is heavily wounded.
Maggie closely misses you.
You shoot an arrow. The arrow hits Maggie.
Maggie is heavily wounded.
Maggie hits you with a +0 broad axe!
5073 ||| READING 3 scrolls of teleportation.
As you read the scroll of teleportation, it crumbles to dust.
You feel strangely unstable. Maggie hits you but does no damage.
You shoot an arrow. The arrow hits Maggie!
Maggie is severely wounded.
You shoot an arrow. The arrow hits Maggie.
Maggie is severely wounded.
Maggie zaps a wand.
The roots erupt in riotous growth!
The grasping roots grab you!
Maggie is unaffected.
The grasping roots constrict you.
You hear a loud, deep croak!
You shoot an arrow. The arrow hits Maggie.
Maggie is severely wounded.
Maggie hits you with a +0 broad axe.
You die...

.. ..###.#.##....#
.. ...#.##....# ..
### #.##..).# .. .
..######.##....#
..
~~.........##)...#
##
~~}..###......##.#
~~............##.#
.....###......##.#
.......#@.....##.#
#..:@.........#
.....#.##....#####
### #. ####..# #)
##..# .o ...# ..
...# @.o ..# ##.


You could see Maggie.

Vanquished Creatures
  An ice beast (D:6)
  2 ogres
  2 scorpions
  2 gnoll sergeants (D:6)
  A jelly (D:5)
  6 orc priests
  A gnoll bouda (D:4)
  3 hounds
  A sleepcap (D:5)
  An iron imp (D:6)
  4 iguanas
  6 orc wizards
  8 adders
  13 gnolls
  2 white imps (D:5)
  2 ufetubi (D:6)
  A worm (D:4)
  2 dart slugs (D:1)
  26 orcs
  6 endoplasms
  4 giant cockroaches
  3 goblins
  4 hobgoblins
  8 kobolds
  2 quokkas (D:1)
  5 ball pythons
  4 bats (D:1)
  A frilled lizard (D:1)
  5 rats
126 creatures vanquished.

Notes
Turn   | Place    | Note
-------+----------+-------------------------------------------
     0 | D:1      | qw the Deep Elf Hunter began the quest for the Orb.
     0 | D:1      | Reached XP level 1. HP: 12/12 MP: 3/3
     0 | D:1      | 0 ||| qw: Version: 0.3-a-9-g12657ce
     0 | D:1      | 0 ||| qw: Game counter: 3235
     0 | D:1      | 0 ||| qw: Always use a shield: true
     0 | D:1      | 0 ||| qw: God list: Okawaru
     0 | D:1      | 0 ||| qw: Allow faded altars: false
     0 | D:1      | 0 ||| qw: Do Orc after D:15 true
     0 | D:1      | 0 ||| qw: Do second Lair branch before Depths: true
     0 | D:1      | 0 ||| qw: Lair rune preference: random
     0 | D:1      | 0 ||| qw: Plans: Normal
     0 | D:1      | 0 ||| PLANNING D:1-11
   213 | D:1      | Reached XP level 2. HP: 16/16 MP: 4/4
   318 | D:1      | Reached skill level 6 in Ranged Weapons
   474 | D:1      | 474 ||| FLEEEEING.
   475 | D:1      | 475 ||| FLEEEEING.
   476 | D:1      | 476 ||| FLEEEEING.
   477 | D:1      | 477 ||| FLEEEEING.
   492 | D:1      | 492 ||| FLEEEEING.
   493 | D:1      | 493 ||| FLEEEEING.
   494 | D:1      | 494 ||| FLEEEEING.
   596 | D:1      | Reached XP level 3. HP: 20/20 MP: 5/5
   602 | D:1      | Found a faded altar of an unknown god.
   691 | D:1      | 691 ||| UPGRADING to ring of see invisible.
   692 | D:1      | 692 ||| READING scroll labelled SARUS VISE.
   693 | D:1      | 693 ||| READING 2 scrolls labelled IRPHET BAEROVYV.
   696 | D:1      | 696 ||| DROPPING scroll of butterflies.
   795 | D:2      | Identified the +3 leather armour "Saequsi" {Will+}
  1165 | D:2      | 1165 ||| UPGRADING to +0 pair of boots.
  1170 | D:2      | 1170 ||| UPGRADING to +3 leather armour "Saequsi" {Will+}.
  1180 | D:2      | 1180 ||| DROPPING +0 leather armour.
  1181 | D:2      | 1181 ||| UPGRADING to +0 pair of gloves.
  1186 | D:2      | 1186 ||| DROPPING amulet of magic regeneration.
  1187 | D:2      | 1187 ||| UPGRADING to ring of positive energy.
  1188 | D:2      | 1188 ||| READING scroll labelled OGGEON MAOTOM.
  1308 | D:3      | Found an opulent altar of Gozag.
  1485 | D:3      | Found a hide-covered altar of Uskayaw.
  1515 | D:3      | Reached skill level 7 in Ranged Weapons
  1754 | D:3      | 1754 ||| Stepping ~*~*~tactically~*~*~ (outnumbered).
  1755 | D:3      | 1755 ||| Stepping ~*~*~tactically~*~*~ (outnumbered).
  1763 | D:3      | Reached XP level 4. HP: 25/25 MP: 6/6
  1766 | D:3      | 1766 ||| FLEEEEING.
  1767 | D:3      | 1767 ||| FLEEEEING.
  1768 | D:3      | 1768 ||| FLEEEEING.
  1770 | D:3      | 1770 ||| FLEEEEING.
  1772 | D:3      | 1772 ||| STAIRDANCE
  1783 | D:2      | 1783 ||| UPGRADING to +1 helmet.
  1788 | D:2      | 1788 ||| DRINKING 2 purple potions.
  1789 | D:2      | 1789 ||| DRINKING 2 fizzy cyan potions.
  1832 | D:2      | 1832 ||| DROPPING potion of lignification.
  1835 | D:3      | 1835 ||| STAIRDANCE
  1869 | D:3      | 1869 ||| STAIRDANCE
  1876 | D:2      | Reached skill level 8 in Ranged Weapons
  2121 | D:3      | 2121 ||| READING scroll labelled WEAPASK OCAHIN.
  2156 | D:4      | 2156 ||| STAIRDANCE
  2252 | D:4      | Noticed an ogre
  2259 | D:4      | Killed an ogre
  2260 | D:4      | Reached skill level 9 in Ranged Weapons
  2260 | D:4      | Reached XP level 5. HP: 29/29 MP: 7/7
  2354 | D:4      | Reached skill level 3 in Dodging
  2431 | D:4      | Reached XP level 6. HP: 23/35 MP: 8/8
  2679 | D:4      | 2679 ||| UPGRADING to ring of willpower.
  2681 | D:4      | 2681 ||| READING scroll labelled LAADOSTR GYACHA.
  2682 | D:4      | 2682 ||| DRINKING 2 bubbling golden potions.
  2682 | D:4      | Reached skill level 18 in Ranged Weapons
  2682 | D:4      | Reached XP level 7. HP: 40/40 MP: 9/9
  2683 | D:4      | 2683 ||| DRINKING potion of experience.
  2683 | D:4      | Reached XP level 8. HP: 44/44 MP: 10/10
  2694 | D:5      | Entered Level 5 of the Dungeon
  2791 | D:5      | Found Redulosk's Armour Shop.
  2797 | D:5      | 2797 ||| BUYING +1 scale mail of fire resistance (224
                  | gold).
  2797 | D:5      | Bought a +1 scale mail of fire resistance for 224 gold
                  | pieces
  2868 | D:5      | Found a blossoming altar of Fedhas.
  3026 | D:5      | Found a staircase to the Ecumenical Temple.
  3027 | D:5      | 3027 ||| PLANNING TEMPLE
  3027 | D:5      | 3027 ||| UPGRADING to +1 scale mail of fire resistance.
  3037 | D:5      | 3037 ||| DROPPING +3 leather armour "Saequsi" {Will+}.
  3038 | D:5      | 3038 ||| UPGRADING to +4 ring mail.
  3048 | D:5      | 3048 ||| READING scroll labelled FINTINT AMICE.
  3049 | D:5      | 3049 ||| READING scroll labelled HISSODDESH.
  3050 | D:5      | 3050 ||| READING scroll labelled BAEB XUGOATIRU.
  3063 | D:5      | Reached skill level 1 in Armour
  3068 | Temple   | Entered the Ecumenical Temple
  3069 | Temple   | 3069 ||| PLANNING OKAWARU WORSHIP
  3143 | Temple   | Became a worshipper of Warmaster Okawaru
  3144 | Temple   | 3144 ||| PLANNING D:1-11
  3578 | D:5      | Found a sacrificial altar of Ru.
  3578 | D:5      | Found a hazy altar of Hepliaklqana.
  3579 | D:5      | Found a basalt altar of Yredelemnul.
  3856 | D:5      | 3856 ||| DROPPING +6 ring of intelligence.
  3857 | D:5      | 3857 ||| DRINKING 2 viscous puce potions.
  4076 | D:6      | 4076 ||| Stepping ~*~*~tactically~*~*~ (outnumbered).
  4306 | D:6      | Reached skill level 3 in Fighting
  4315 | D:6      | Found a shimmering blue altar of Sif Muna.
  4326 | D:6      | Reached * piety under Okawaru
  4357 | D:6      | 4357 ||| INVOKING Heroism.
  4360 | D:6      | 4360 ||| Stepping ~*~*~tactically~*~*~ (outnumbered).
  4369 | D:6      | HP: 10/46 [orc priest/+0 whip (3)]
  4370 | D:6      | 4370 ||| READING 3 scrolls of teleportation.
  4371 | D:6      | 4371 ||| DRINKING potion of heal wounds.
  4419 | D:6      | Reached XP level 9. HP: 34/50 MP: 11/11
  4419 | D:6      | 4419 ||| FLEEEEING.
  4622 | D:6      | Found a snail-covered altar of Cheibriados.
  4688 | D:6      | 4688 ||| READING scroll labelled JOMIWN YM WUZU.
  4690 | D:6      | 4690 ||| Stepping ~*~*~tactically~*~*~ (cloud).
  4954 | D:7      | 4954 ||| READING scroll of enchant weapon.
  4954 | D:7      | 4954 ||| ENCHANTING +1 shortbow.
  5010 | D:7      | 5010 ||| INVOKING Heroism.
  5011 | D:7      | 5011 ||| Stepping ~*~*~tactically~*~*~ (outnumbered).
  5045 | D:7      | Noticed Maggie
  5046 | D:7      | 5046 ||| Stepping ~*~*~tactically~*~*~ (outnumbered).
  5072 | D:7      | HP: 6/50 [Maggie/+0 broad axe (10)]
  5073 | D:7      | 5073 ||| READING 3 scrolls of teleportation.
  5075 | D:7      | HP: 2/50 [constriction (5)]
  5076 | D:7      | Slain by Maggie

Levels and vault maps discovered:
D:1:      dpeg_arrival_tiny_i, layout_loops_cross, ebering_ecumenical_altar_hall
D:2:      layout_basic
D:3:      layout_loops_corners, grunt_gozag_statues,
          mainiacjoe_overflow_tiny_flanked
D:4:      layout_rooms, nrook_mini_vaults
D:5:      layout_basic, mainiacjoe_overflow_six_doors_small,
          gammafunk_temple_overflow_claw, temple_green, serial_shops,
          nicolae_diamond_shop, water_boxes_lemuel
D:6:      layout_rooms, nicolae_sif_muna_condensation, slow_altar_2,
          minmay_misc_feat_rugged
D:7:      layout_basic, kennysheep_mini_moat, serial_park_tiny_pond,
          corexii_hall_statues_u, uniq_maggie
Temple:   nicolae_temple_x_marks_the_god

Skill      XL: |  1  2  3  4  5  6  7  8  9 |
---------------+----------------------------+-----
Ranged Weapons | 6 7 9 18 | 18.0
Dodging        | 3 11 | 11.5
Fighting       | 2 3 |  3.1
Armour         | 1 2 |  2.0
Stealth        | |  1.2
Invocations    | |  0.4

Action                     |  1- 3 |  4- 6 |  7- 9 || total
---------------------------+-------+-------+-------++-------
   Fire: Shortbow          |   104 |    77 |   328 ||   509
 Invoke: Heroism           |       |       |     2 ||     2
    Use: Scroll            |     3 |     2 |     7 ||    12
         Potion            |       |     3 |     3 ||     6
 Armour: Leather armour    |     3 |    12 |     2 ||    17
         Ring mail         |       |       |    23 ||    23
  Dodge: Dodged            |     9 |    16 |    91 ||   116

Table legend:
 A = Non-vault XP
 B = Vault XP
 C = Vault XP percentage of total XP
 D = Non-vault monster count
 E = Vault monster count
 F = Vault count percentage of total count
                 A         B        C        D         E       F
            +---------+---------+-------+---------+---------+-------
      Total |    2048 |      39 |   1.9 |     125 |       1 |   0.8
            +---------+---------+-------+---------+---------+-------
        D:1 |      44 |       0 |   0.0 |      25 |       0 |   0.0
        D:2 |      43 |       0 |   0.0 |       6 |       0 |   0.0
        D:3 |      90 |       0 |   0.0 |      13 |       0 |   0.0
        D:4 |     236 |       0 |   0.0 |      13 |       0 |   0.0
        D:5 |     533 |       0 |   0.0 |      24 |       0 |   0.0
        D:6 |     873 |      39 |   4.3 |      30 |       1 |   3.2
        D:7 |     229 |       0 |   0.0 |      14 |       0 |   0.0
            +---------+---------+-------+---------+---------+-------
